 Dungeon Crawl Stone Soup version 0.17.1-1-g73c8601 (webtiles) character file.

12166 shmeve the Blocker (level 11, 35/72 HPs)
             Began as a Gargoyle Fighter on Apr 18, 2016.
             Was a High Priest of Trog.
             Quit the game on level 2 of the Lair of Beasts.
             The game lasted 00:26:27 (9591 turns).

shmeve the Blocker (Gargoyle Fighter)               Turns: 9591, Time: 00:26:27

Health: 35/72      AC: 29    Str: 25    XL:     11   Next: 89%
Magic:  11/11      EV:  8    Int: 10    God:    Trog [*****.]
Gold:   1045       SH: 12    Dex:  9    Spells: 0 memorised, 10 levels left

rFire  . . .     SeeInvis .     a - +1 war axe (freeze)
rCold  . . .     Clarity  .     i - +0 plate armour
rNeg   + . .     SustAt   +     c - +0 shield
rPois  ∞         Gourm    .     (no helmet)
rElec  +         Spirit   .     h - +0 cloak
rCorr  .         Warding  .     r - +2 pair of gloves {Str+3}
rMut   .         Stasis   .     M - +2 pair of boots
MR     .....                    (no amulet)
Stlth  ..........               m - ring of sustain attributes
                                (no ring)

@: exhausted, slowed, very slow, not resistant to hostile enchantments,
extremely unstealthy
A: negative energy resistance 1, electricity resistance, unbreathing,
petrification resistance, rot immunity, AC +7
a: Berserk, Trog's Hand, Brothers in Arms, Burn Spellbooks, Renounce Religion


You were on level 2 of the Lair of Beasts.
You worshipped Trog.
Trog was extremely pleased with you.
You were hungry.

You visited 3 branches of the dungeon, and saw 12 of its levels.
You also visited: Ossuary.

You collected 1045 gold pieces.

Inventory:

Hand Weapons
 a - a +1 war axe of freezing (weapon)
 A - a +0 hand crossbow
Missiles
 g - 65 bolts (quivered)
 F - 8 bolts of frost
 K - 19 poisoned bolts
Armour
 c - a +0 shield (worn)
 h - a +0 cloak (worn)
 i - a +0 plate armour (worn)
 r - a +2 pair of gloves of strength (worn)
 M - a +2 pair of boots (worn)
Jewellery
 m - a ring of sustain attributes (right hand)
Wands
 C - a wand of digging (6)
Scrolls
 l - 4 scrolls of teleportation
 o - 2 scrolls of blinking
 p - 3 scrolls of fog
 q - 4 scrolls of enchant weapon
 s - 3 scrolls of remove curse
 x - a scroll of brand weapon
 y - 4 scrolls of identify
 D - a scroll of recharging
 E - a scroll of torment {unknown}
 I - a scroll of random uselessness {unknown}
Potions
 d - 3 potions of might
 f - 5 potions of heal wounds
 j - 2 potions of flight
 k - 2 potions of magic
 v - 2 potions of haste
 w - 3 potions of poison
 z - 3 potions of mutation
 B - a potion of berserk rage {unknown}
 H - a potion of cancellation {unknown}
 J - a potion of resistance {unknown}
Comestibles
 b - 2 beef jerkies
 e - 8 bread rations
 n - 11 slices of pizza
 t - 6 chunks of flesh
 G - 2 fruits


   Skills:
 * Level 10.1 Fighting
 * Level 8.0 Axes
 + Level 6.3 Crossbows
 + Level 7.9 Armour
 + Level 4.9 Dodging
 * Level 10.4 Shields


You had 10 spell levels left.
You didn't know any spells.

Dungeon Overview and Level Annotations

Branches:
Dungeon (9/15)             Temple (1/1) D:6            Lair (2/8) D:9
    Orc: D:9-12

Altars:
Ashenzari
Cheibriados
Dithmenos
Elyvilon
Fedhas
Gozag
Kikubaaqudgha
Makhleb
Nemelex Xobeh
Okawaru
Qazlal
Ru
Sif Muna
Trog
Vehumet
Xom
Yredelemnul
Zin
The Shining One

Portals:
Ice
Cave: Lair:2


Innate Abilities, Weirdness & Mutations

You are resistant to torment.
Your stone body is resilient (AC +7).
You are immune to poison.
You resist negative energy.
You are resistant to electric shocks.
You can survive without breathing.
You are immune to petrification.
You are immune to rotting.


Message History

The elephant is almost dead.
The elephant tramples you but does no damage.
You block the elephant's attack.
Unknown command.
You hit the elephant. You freeze the elephant.
You kill the elephant!
Trog accepts your kill.
Your Axes skill increases to level 8!
Unknown command.
No target in view!
Unknown command.
You see here an elephant corpse.
You butcher the elephant corpse.
You enjoyed that.
t - 6 chunks of flesh You feel a strong urge to attack something.
You are no longer berserk.
You are exhausted.
You feel yourself slow down.
You are feeling hungry.
Are you sure you want to abandon this character and quit the game? (Confirm with "yes".)

....##.#.#..##..............#
............................##
.............................##
............................#.#
.............................##
......................#.###..#
...#.#...#...........###. #.##
...#.<.............### # #.#
...........#....@..# #. +.#
#..#.......#.......# #.. ##.##
#..........#.......# #..##...#
+..#...............# #...#P.##
#..P.......#.......# #.......#
#..........+.......# #..##P..#
#..#.......#.......# ## ##.##
...................########.P#
...#..##..#.........##...#.†##


There were no monsters in sight!

Vanquished Creatures
  Erica (D:8)
  The ghost of culcha the Nimble, a novice DrBe of Trog (D:9)
  6 elephants (Lair:2)
  Joseph (D:8)
  A troll (D:9)
  A two-headed ogre (D:8)
  5 blink frogs (Lair:2)
  3 yaks (Lair:1)
  A hog (D:7)
  A basilisk (Lair:2)
  2 hippogriffs
  A human (D:7)
  Grum (D:8)
  7 wolves
  4 porcupines
  2 water moccasins (Lair:2)
  2 sky beasts
  3 ice beasts
  2 orc warriors
  A black bear (D:7)
  4 ogres
  2 crocodiles (Lair:1)
  A big kobold (D:9)
  4 centaurs
  2 elf zombies (Ossuary)
  6 giant frogs
  4 wights (D:9)
  A scorpion (D:6)
  An electric eel (D:9)
  4 crimson imps
  9 hounds
  2 centaur skeletons (D:4)
  A giant frog skeleton (D:4)
  4 orc priests
  Ijyb (D:3)
  A jelly (D:8)
  8 orc wizards
  7 iguanas
  6 worker ants
  2 big kobold zombies (Ossuary)
  8 sheep
  2 hound skeletons
  2 mummies (Ossuary)
  8 gnolls
  11 adders
  23 river rats (Lair:2)
  2 shadow imps
  12 white imps (Lair:2)
  2 oozes (D:1)
  2 worms
  3 giant geckos
  31 orcs
  2 ball pythons (D:3)
  9 giant cockroaches
  5 gnoll zombies (Ossuary)
  13 goblins
  2 hobgoblins (D:2)
  16 jackals
  A quokka (D:9)
  10 bats
  A giant gecko skeleton (D:4)
  7 giant newts
  3 goblin skeletons (D:8)
  6 hobgoblin zombies
  A jackal skeleton (D:4)
  A jackal zombie (D:5)
  13 kobolds
  4 kobold skeletons (D:8)
  An orc skeleton (D:8)
  3 orc zombies (Ossuary)
  2 quokka skeletons
  8 rats
  A plant (Lair:2)
331 creatures vanquished.

Vanquished Creatures (others)
  A bat (D:2)
1 creature vanquished.

Grand Total: 332 creatures vanquished

Notes
Turn   | Place    | Note
--------------------------------------------------------------
     0 | D:1      | shmeve the Gargoyle Fighter began the quest for the Orb.
     0 | D:1      | Reached XP level 1. HP: 14/14 MP: 1/1
     1 | D:1      | Found a runed door.
    21 | D:1      | Reached XP level 2. HP: 16/19 MP: 2/2
   208 | D:1      | Reached XP level 3. HP: 15/24 MP: 3/3
   743 | D:1      | Reached skill level 1 in Dodging
   793 | D:1      | Reached skill level 4 in Fighting
   906 | D:2      | Reached XP level 4. HP: 29/29 MP: 4/4
  1434 | D:2      | Found a bloodstained altar of Trog.
  1447 | D:2      | Became a worshipper of Trog the Wrathful
  1537 | D:2      | Found a blossoming altar of Fedhas.
  1541 | D:2      | Found a burning altar of Makhleb.
  2025 | D:3      | Reached XP level 5. HP: 28/33 MP: 5/5
  2071 | D:3      | Noticed Ijyb
  2083 | D:3      | Killed Ijyb
  2228 | D:3      | Found a sacrificial altar of Ru.
  2561 | D:4      | Reached * piety under Trog
  2662 | D:4      | Noticed an ogre
  2670 | D:4      | Killed an ogre
  2670 | D:4      | Reached XP level 6. HP: 22/39 MP: 6/6
  2873 | D:4      | Reached skill level 5 in Fighting
  2997 | D:4      | Found a stormy altar of Qazlal.
  3212 | D:4      | Reached skill level 5 in Shields
  3213 | D:4      | Reached XP level 7. HP: 37/44 MP: 7/7
  3373 | D:5      | Entered Level 5 of the Dungeon
  3484 | D:5      | Reached ** piety under Trog
  3576 | D:5      | Found a sand-covered staircase.
  3581 | Ossuary  | Entered an ossuary
  3843 | D:5      | Reached skill level 6 in Fighting
  3862 | D:5      | Found a basalt altar of Yredelemnul.
  3862 | D:5      | Found a snail-covered altar of Cheibriados.
  3939 | D:5      | Reached XP level 8. HP: 38/51 MP: 8/8
  4013 | D:5      | Reached skill level 5 in Armour
  4603 | D:6      | Reached skill level 7 in Fighting
  4603 | D:6      | Reached skill level 5 in Axes
  4603 | D:6      | Reached XP level 9. HP: 15/57 MP: 9/9
  4816 | D:6      | Found a staircase to the Ecumenical Temple.
  4822 | D:6      | Found a glowing silver altar of Zin.
  4924 | D:6      | Reached *** piety under Trog
  5177 | D:6      | Found an opulent altar of Gozag.
  5644 | Temple   | Entered the Ecumenical Temple
  6119 | D:7      | Reached skill level 8 in Fighting
  6535 | D:8      | Reached skill level 1 in Crossbows
  6603 | D:8      | Reached XP level 10. HP: 49/64 MP: 10/10
  6641 | D:8      | Found a glowing golden altar of the Shining One.
  6647 | D:8      | Noticed Joseph
  6678 | D:8      | Killed Joseph
  6765 | D:8      | Noticed Grum
  6774 | D:8      | Killed Grum
  6787 | D:8      | Reached skill level 5 in Crossbows
  7063 | D:8      | Noticed Erica
  7079 | D:8      | Killed Erica
  7235 | D:9      | Reached **** piety under Trog
  7244 | D:9      | Reached skill level 9 in Shields
  7270 | D:9      | Found a staircase to the Lair.
  7451 | D:9      | Noticed culcha's ghost (novice DrBe)
  7471 | D:9      | Killed culcha's ghost
  7471 | D:9      | Reached XP level 11. HP: 46/71 MP: 11/11
  7752 | D:9      | Found a shadowy altar of Dithmenos.
  7974 | Lair:1   | Entered Level 1 of the Lair of Beasts
  8942 | Lair:1   | Received a gift from Trog
  9167 | Lair:2   | Reached ***** piety under Trog
  9203 | Lair:2   | Reached skill level 10 in Shields
  9359 | Lair:2   | Found a frozen archway.
  9579 | Lair:2   | Reached skill level 10 in Fighting
  9591 | Lair:2   | Quit the game

Action                   |  1- 3 |  4- 6 |  7- 9 | 10-12 || total
-------------------------+-------+-------+-------+-------++-------
Melee: War axe           |    79 |   250 |   408 |   357 ||  1094
 Fire: Hand crossbow     |       |       |       |     8 ||     8
Invok: Berserk           |       |     1 |     2 |     5 ||     8
       Burn Spellbooks   |       |       |     1 |       ||     1
       Trog's Hand       |       |       |       |     1 ||     1
  Use: Scroll            |       |     7 |    11 |     1 ||    19
  Eat: Chunk             |       |     7 |    10 |    14 ||    31
       Beef jerky        |       |     1 |       |       ||     1
       Meat ration       |       |       |     1 |       ||     1
